Map: Honorgrounds LE

Players

vuto

  • Race: Protoss Protoss
  • League: Diamond
  • Spawn Location: 7:00

Musumeci - Winner!

  • Race: Zerg Zerg
  • League: Diamond
  • Spawn Location: 5:00

VOD

Have the link to the VOD?

Description

Time

  • Played on: Jan. 25, 2017, 3:50 p.m.
  • Length: 11:16
Show
View Real Time Build Order
Export as new Build Order

vuto Protoss 

Build Orders: Zealot Archon 

Get SALT Encoding   

  12  0:02  Probe (Chrono Boost)  
  13  0:17  Pylon  
  13  0:21  Probe (Chrono Boost)  
  14  0:31  Probe (Chrono Boost)  
  15  0:42  Probe (Chrono Boost)  
  16  0:52  Probe (Chrono Boost)  
  16  1:07  Nexus  
  16  1:12  Probe (Chrono Boost)  
  17  1:20  Gateway  
  17  1:23  Probe (Chrono Boost)  
  18  1:30  Assimilator  
  18  1:43  Pylon, Probe (Chrono Boost)  
  19  1:52  Forge  
  19  1:57  Probe (Chrono Boost)  
  20  2:01  Assimilator  
  20  2:11  Cybernetics Core  
  20  2:13  Probe (Chrono Boost)  
  21  2:20  Probe (Chrono Boost)  
  22  2:24  Probe (Chrono Boost)  
  22  2:28  Zealot  
  23  2:30  Probe (Chrono Boost)  
  23  2:36  Probe (Chrono Boost)  
  27  2:45  Pylon  
  27  2:49  Pylon  
  28  2:51  Probe (Chrono Boost)  
  28  2:52  Probe (Chrono Boost)  
  28  2:57  Warp Gate  
  29  3:07  Twilight Council  
  31  3:13  Probe (Chrono Boost)  
  31  3:14  Probe (Chrono Boost)  
  31  3:18  Stalker  
  31  3:25  Probe (Chrono Boost)  
  36  3:27  Mothership Core (Chrono Boost)  
  36  3:35  Photon Cannon  
  36  3:36  Probe (Chrono Boost)  
  37  3:48  Probe (Chrono Boost)  
  38  3:56  Probe (Chrono Boost)  
  38  4:01  Robotics Facility  
  39  4:03  Pylon  
  39  4:07  Probe x2 (Chrono Boost)  
  41  4:12  Photon Cannon, Dark Shrine  
  41  4:19  Probe (Chrono Boost)  
  41  4:22  Probe (Chrono Boost)  
  43  4:27  Assimilator  
  44  4:31  Assimilator, Probe (Chrono Boost)  
  44  4:33  Probe (Chrono Boost)  
  45  4:41  Gateway  
  45  4:42  Gateway  
  45  4:44  Gateway  
  45  4:47  Probe (Chrono Boost)  
  45  4:48  Probe (Chrono Boost)  
  47  4:53  Warp Prism  
  49  5:01  Probe (Chrono Boost)  
  49  5:02  Probe (Chrono Boost)  
  51  5:09  Protoss Ground Weapons Level 1, Charge  
  51  5:11  Probe (Chrono Boost)  
  53  5:14  Probe (Chrono Boost)  
  53  5:24  Pylon  
  53  5:26  Probe (Chrono Boost)  
  53  5:27  Probe (Chrono Boost)  
  55  5:33  Immortal  
  59  5:36  Probe (Chrono Boost)  
  59  5:39  Probe (Chrono Boost)  
  61  5:47  Probe (Chrono Boost)  
  63  5:51  Probe (Chrono Boost)  
  63  5:53  Pylon  
  63  5:57  Probe (Chrono Boost)  
  63  5:59  Pylon  
  64  6:06  Dark Templar  
  64  6:07  Dark Templar x3  
  72  6:14  Warp Prism  
  72  6:21  Probe (Chrono Boost)  
  72  6:22  Probe (Chrono Boost)  
  72  6:31  Probe (Chrono Boost)  
  68  6:34  Probe (Chrono Boost)  
  68  6:42  Nexus  
  68  6:45  Gateway  
  68  6:46  Pylon  
  70  6:47  Probe (Chrono Boost)  
  70  6:48  Probe (Chrono Boost)  
  70  6:50  Zealot x2  
  70  6:51  Sentry  
  70  6:53  Immortal  
  80  7:02  Probe (Chrono Boost)  
  80  7:03  Probe (Chrono Boost)  
  80  7:04  Pylon  
  82  7:09  Gateway  
  82  7:14  Photon Cannon  
  82  7:15  Dark Templar  
  82  7:16  Photon Cannon, Dark Templar  
  86  7:31  Warp Prism  
  86  7:32  Probe (Chrono Boost)  
  86  7:34  Probe (Chrono Boost)  
  90  7:40  Dark Templar x2  
  90  7:42  Pylon  
  90  7:43  Probe (Chrono Boost)  
  95  7:46  Probe (Chrono Boost)  
  95  7:49  Assimilator  
  96  7:55  Probe (Chrono Boost)  
  96  7:56  Probe (Chrono Boost)  
  96  7:57  Archon  
  96  7:58  Archon  
  98  8:01  Probe (Chrono Boost)  
  98  8:02  Photon Cannon  
  99  8:06  Assimilator  
  99  8:09  Zealot  
  99  8:10  Zealot x3  
  99  8:11  Probe (Chrono Boost)  
  99  8:12  Probe (Chrono Boost)  
  110  8:13  Probe (Chrono Boost)  
  110  8:26  Gateway  
  110  8:27  Gateway  
  110  8:30  Templar Archives  
  110  8:33  Pylon  
  102  8:52  Zealot x5  
  102  9:04  Pylon  
  102  9:08  Gateway  
  104  9:16  Probe (Chrono Boost)  
  102  9:18  Probe (Chrono Boost)  
  90  9:25  High Templar x2, Psionic Storm  
  90  9:29  High Templar x2, Nexus  
  98  9:32  Assimilator  
  98  9:34  Pylon, Assimilator, Immortal  
  98  9:37  Pylon  
  100  9:47  Stargate x2  
  100  9:50  Stargate  
  100  9:52  Stalker  
  102  9:57  Zealot, Pylon  
  99  10:01  Zealot  
  99  10:03  Zealot x2  
  99  10:06  Probe x2 (Chrono Boost)  
  81  10:07  Probe (Chrono Boost)  
  81  10:12  Zealot x2  
  81  10:16  Probe (Chrono Boost)  
  81  10:17  Probe (Chrono Boost)  
  81  10:18  Pylon  
  81  10:19  Probe (Chrono Boost)  
  81  10:21  Zealot x2  
  85  10:27  Probe (Chrono Boost)  
  88  10:29  Zealot x2  
  88  10:30  Zealot x2  
  86  10:36  Pylon  
  86  10:38  Zealot x2  
  86  10:47  Probe (Chrono Boost)  
  86  10:48  Probe (Chrono Boost)  
  82  10:50  Zealot  
  82  10:53  Zealot x2  
  87  10:57  Zealot  
  87  11:05  Zealot x2  
  87  11:13  Zealot  
  87  11:14  Zealot  
Show
View Real Time Build Order
Export as new Build Order

Musumeci Zerg - Winner!

Build Orders: Hatch First 

Get SALT Encoding   

  12  0:08  Drone  
  12  0:09  Drone  
  14  0:17  Drone, Extractor  
  15  0:41  Hatchery  
  14  0:58  Spawning Pool  
  13  1:09  Drone  
  13  1:11  Extractor  
  13  1:13  Extractor  
  14  1:31  Overlord  
  14  1:35  Drone, Extractor  
  14  1:36  Drone, Extractor  
  16  1:48  Queen  
  16  1:49  Drone  
  16  1:52  Drone  
  20  1:56  Drone  
  21  2:16  Drone x4  
  21  2:18  Queen  
  27  2:22  Extractor  
  27  2:25  Overlord  
  26  2:31  Drone  
  27  2:42  Queen  
  30  2:44  Drone x2  
  30  2:50  Zergling x4  
  33  3:05  Hatchery  
  32  3:22  Drone  
  32  3:23  Drone x3  
  36  3:27  Overlord  
  36  3:29  Overlord  
  36  3:30  Overlord  
  36  3:47  Drone x5  
  41  3:56  Drone x3  
  41  4:00  Lair  
  44  4:04  Extractor  
  44  4:07  Drone x4, Extractor  
  44  4:08  Extractor  
  45  4:14  Zergling x2  
  45  4:15  Zergling x2  
  45  4:16  Metabolic Boost  
  47  4:24  Overlord x2  
  46  4:45  Drone x3  
  47  4:47  Drone x3  
  52  4:55  Overlord x2  
  52  5:04  Hydralisk Den  
  52  5:06  Evolution Chamber  
  50  5:07  Drone, Baneling Nest  
  50  5:08  Drone x5  
  55  5:33  Hydralisk x8  
  71  5:39  Zerg Melee Weapons Level 1  
  71  5:49  Hydralisk x2  
  71  5:51  Zergling x2  
  71  5:52  Zergling x8  
  71  5:54  Drone  
  71  5:55  Drone  
  82  6:01  Drone x3  
  85  6:08  Overseer  
  69  6:39  Spore Crawler  
  68  6:41  Spine Crawler  
  68  6:42  Spore Crawler  
  68  6:45  Spine Crawler x3, Drone x3, Spore Crawler  
  68  6:46  Spine Crawler, Drone x5, Hydralisk  
  69  6:50  Drone x2  
  73  6:57  Spine Crawler  
  73  7:00  Queen  
  74  7:10  Drone x7  
  81  7:22  Muscular Augments  
  81  7:26  Centrifical Hooks  
  81  7:31  Hatchery  
  80  7:40  Overlord  
  80  7:49  Overlord x2  
  80  7:50  Overlord x2  
  80  7:57  Hydralisk x5  
  90  8:04  Hydralisk x4  
  98  8:16  Hydralisk x6  
  102  9:06  Zergling x18  
  105  9:24  Baneling  
  105  9:25  Baneling x5  
  105  9:26  Baneling x8  
  105  9:35  Baneling, Extractor x2  
  105  9:36  Baneling x3  
  103  9:38  Hydralisk  
  103  9:39  Hydralisk x10  
  103  9:42  Zergling x2  
  103  9:43  Zergling x4  
  109  10:17  Hydralisk x9  
  109  10:18  Hydralisk x2  
  108  10:51  Spine Crawler  
  108  10:53  Spine Crawler  
Tags
 
Composition
Zealot Archon
Matchup
PvZ
Replay Pack
replay pack
Spawn Locations
Close Positions
Add a new tag
Caveats
  • Supply blocks, unpowered buildings, or Contaminate may cause inaccurate times.
  • Supply counts are checked every 10 seconds.